 Dungeon Crawl Stone Soup version 0.29.1-1-gd02db69 (webtiles) character file.

Game seed: 14874943906290622433

1477 Timinator the Insei (level 8, -7/63 HPs)
             Began as a Demigod Transmuter on Dec 19, 2022.
             Mangled by a steelbarb worm (16 damage)
             ... on level 8 of the Dungeon.
             The game lasted 00:20:35 (6596 turns).

Timinator the Insei (Demigod Transmuter)            Turns: 6596, Time: 00:20:36

Health: -7/63      AC: 12    Str: 19 (21) XL:     8   Next: 25%
Magic:  16/16      EV: 12    Int: 12 (15) God:
Gold:   326        SH:  0    Dex: 15 (18) Spells: 12/14 levels left

rFire   . . .      SeeInvis .     - Unarmed
rCold   . . .      Faith    .   (no shield)
rNeg    . . .      Spirit   .   k - +0 ring mail
rPois   +          Reflect  .   G - +0 helmet
rElec   .          Harm     .   l - +0 cloak
rCorr   .          Rampage  .   w - +0 pair of gloves
Will    .....                   (no boots)
Stlth   +.........              (no amulet)
HPRegen 0.20/turn               a - +4 ring of protection
MPRegen 0.15/turn               q - +6 ring of strength

@: brilliant, wereblooded, spiked, hasted, very quick
A: high MP 1, forlorn, divine attributes, poison resistance
a: no special abilities


You were on level 8 of the Dungeon.
You visited 1 branch of the dungeon, and saw 8 of its levels.

You collected 410 gold pieces.
You spent 84 gold pieces at shops.

Inventory:

Missiles
 e - 4 javelins (quivered)
 r - 4 boomerangs
Armour
 k - a +0 ring mail (worn)
 l - a +0 cloak (worn)
 w - a +0 pair of gloves (worn)
 G - a +0 helmet (worn)
Jewellery
 a - a +4 ring of protection (left hand)
 b - a ring of positive energy
 q - a +6 ring of strength (right hand)
 y - the ring "Yhawob" {Fly rF+}
   (You found it on level 4 of the Dungeon)

   [ring of protection from fire]

   rF:        It protects you from fire.
   Fly:       It grants you flight.
 E - the ring "Romnucar" {Fly rElec rPois rC++ rCorr}
   (You found it on level 6 of the Dungeon)

   [ring of flight]

   rC:        It greatly protects you from cold.
   rElec:     It insulates you from electricity.
   rPois:     It protects you from poison.
   Fly:       It grants you flight.
   rCorr:     It protects you from acid and corrosion.
Wands
 t - a wand of roots (9)
 C - a wand of acid (17)
 D - a wand of flame (10)
Scrolls
 c - 3 scrolls of blinking
 d - 4 scrolls of magic mapping {unknown}
 f - a scroll of brand weapon {unknown}
 h - 2 scrolls of torment {unknown}
 j - 2 scrolls of noise {unknown}
 n - 3 scrolls of fog {unknown}
 p - 4 scrolls of teleportation
 s - 3 scrolls of identify {unknown}
 x - 2 scrolls of enchant armour {unknown}
Potions
 m - 2 potions of curing
 o - a potion of haste
 u - 2 potions of flight
 z - a potion of mutation
 A - a potion of cancellation {unknown}
 B - 2 potions of brilliance
 F - a potion of heal wounds


   Skills:
 * Level 3.5 Fighting
 - Level 2.0 Armour
 * Level 4.2 Dodging
 + Level 6.1 Unarmed Combat
 * Level 3.5 Spellcasting
 * Level 4.4 Transmutations


You had 12 spell levels left.
You knew the following spells:

 Your Spells              Type           Power      Damage    Failure   Level
a - Wereblood             Tmut           19%        N/A       10%         2

Your spell library contained the following spells:

 Spells                   Type           Power      Damage    Failure   Level
 Beastly Appendage        Tmut           38%        N/A       6%          1
 Magic Dart               Conj           12%        1d3       38%         1
 Spider Form              Tmut/Pois      11%        N/A       43%         3
 Call Imp                 Summ           3%         N/A       52%         2
 Searing Ray              Conj           6%         2d4       52%         2
 Ignite Poison            Fire/Tmut/Pois 8%         N/A       54%         3
 Conjure Flame            Conj/Fire      3%         6-21      77%         3
 Mephitic Cloud           Conj/Pois/Air  3%         N/A       77%         3
 Ice Form                 Ice/Tmut       11%        N/A       85%         4
 Fulminant Prism          Conj/Hex       1%         3d6       99%         4
 Sticky Flame             Conj/Fire      3%         2d3       99%         4


Dungeon Overview and Level Annotations

Branches:
Dungeon (8/15)             Temple (0/1) D:5            Lair (0/5) D:8

Shops:
D:1 *   D:3 ?   D:4 =


Innate Abilities, Weirdness & Mutations

You have an increased reservoir of magic. (+10% MP)
You shall have no god before yourself.
Your divine heritage dramatically boosts your attributes as you level up.
Your system is resistant to poisons. (rPois)


Message History

Barbed spikes become lodged in your body.
You hit the steelbarb worm but do no damage.
You punch the steelbarb worm.
The steelbarb worm is lightly wounded.
The steelbarb worm hits you but does no damage.
You barely miss the steelbarb worm.
The steelbarb worm is lightly wounded.
The steelbarb worm barely misses you.
You hit the steelbarb worm but do no damage.
The steelbarb worm is lightly wounded.
The steelbarb worm hits you.
Barbed spikes become lodged in your body.
The steelbarb worm hits you!
Barbed spikes become lodged in your body.
You hit the steelbarb worm.
The steelbarb worm is lightly wounded.
The steelbarb worm hits you!
* * * LOW HITPOINT WARNING * * *
Barbed spikes become lodged in your body.
It was a potion of brilliance.
You feel clever all of a sudden.
The steelbarb worm completely misses you.
It was a potion of heal wounds.
You feel much better. The steelbarb worm barely misses you.
It was a potion of mutation.
You feel extremely strange.
You feel resistant to poisons.
The steelbarb worm hits you but does no damage.
It was a potion of haste.
You feel yourself speed up. The steelbarb worm hits you!!
* * * LOW HITPOINT WARNING * * *
Barbed spikes become lodged in your body.
It was a potion of degeneration.
There was something very wrong with that liquid.
You feel weakened.
You feel dopey.
You feel clumsy. The steelbarb worm hits you!
* * * LOW HITPOINT WARNING * * *
Barbed spikes become lodged in your body.
It was a potion of magic.
Magic courses through your body. The steelbarb worm hits you!
You die...

###### #.....
......# #....).##
#.)## ##.)##
##w@######
###.)..[..#
#.....###.#
#.###..#
...####)##
...>##[....##
...##....<..#
.................
.................


You could see a steelbarb worm.

Vanquished Creatures
  A troll (D:6)
  Grinder (D:3)
  A water moccasin (D:7)
  An ogre (D:6)
  2 necrophages
  A bullfrog (D:7)
  A scorpion (D:6)
  3 jellies
  3 hounds
  2 orc priests
  2 iguanas
  5 orc wizards
  2 hound zombies (D:3)
  6 adders
  A white imp (D:7)
  An ufetubus (D:7)
  2 worms
  4 dart slugs
  22 orcs
  A ball python (D:2)
  6 bats
  5 endoplasms (D:1)
  4 giant cockroaches
  6 hobgoblins
  6 jackals (D:1)
  6 kobolds
  5 quokkas
  2 frilled lizards
  A giant cockroach zombie (D:3)
  9 goblins
  4 rats
116 creatures vanquished.

Vanquished Creatures (others)
  A plant (D:5)
1 creature vanquished.

Grand Total: 117 creatures vanquished

Notes
Turn   | Place    | Note
-------+----------+-------------------------------------------
     0 | D:1      | Timinator the Demigod Transmuter began the quest for the
                  | Orb.
     0 | D:1      | Reached XP level 1. HP: 15/15 MP: 5/5
   119 | D:1      | Reached skill level 1 in Fighting
   190 | D:1      | Found Zyuwuxeh's Assorted Antiques.
   303 | D:1      | Reached XP level 2. HP: 22/23 MP: 7/7
   307 | D:1      | Reached skill level 3 in Unarmed Combat
  1084 | D:1      | Reached XP level 3. HP: 25/28 MP: 6/8
  1294 | D:2      | Reached skill level 1 in Armour
  1740 | D:2      | Learned a level 2 spell: Wereblood
  1783 | D:3      | Reached XP level 4. HP: 35/35 MP: 7/9
  2092 | D:3      | Noticed Grinder
  2105 | D:3      | Paralysed by Grinder for 2 turns
  2108 | D:3      | Noticed a necrophage
  2120 | D:3      | Paralysed by Grinder for 2 turns
  2122 | D:3      | Killed a necrophage
  2123 | D:3      | Reached XP level 5. HP: 41/41 MP: 9/11
  2125 | D:3      | Killed Grinder
  2126 | D:3      | Reached skill level 4 in Unarmed Combat
  2126 | D:3      | Reached XP level 6. HP: 48/48 MP: 9/12
  2255 | D:3      | Found Weat's Magic Scroll Emporium.
  2258 | D:3      | Bought a scroll of amnesia for 48 gold pieces
  2258 | D:3      | Bought a scroll of teleportation for 36 gold pieces
  2375 | D:4      | Found Zysess's Jewellery Boutique.
  2679 | D:4      | Identified the ring "Yhawob" {Fly rF+}
  3329 | D:5      | Entered Level 5 of the Dungeon
  3448 | D:5      | Reached XP level 7. HP: 30/56 MP: 12/14
  3844 | D:5      | Found a staircase to the Ecumenical Temple.
  4026 | D:6      | Reached skill level 5 in Unarmed Combat
  4515 | D:6      | Identified the ring "Romnucar" {Fly rElec rPois rC++ rCorr}
  4977 | D:6      | Noticed a troll
  4995 | D:6      | Killed a troll
  5489 | D:7      | Reached XP level 8. HP: 61/63 MP: 16/16
  6201 | D:7      | Reached skill level 6 in Unarmed Combat
  6535 | D:8      | Found a staircase to the Lair.
  6574 | D:8      | Noticed a two-headed ogre
  6580 | D:8      | Noticed a steelbarb worm
  6580 | D:8      | a two-headed ogre changed into a steelbarb worm
  6593 | D:8      | Gained mutation: Your system is resistant to poisons.
                  | (rPois) [potion of mutation]
  6596 | D:8      | Mangled by a steelbarb worm

Illustrated notes

Levels and vault maps discovered:
D:1:      kennysheep_arrival_forest, layout_rooms,
          shapermc_ecumenical_altar_notcrosses, serial_shops,
          nicolae_shop_overgrown_old_shop, minmay_misc_feat_pillars
D:2:      layout_rooms
D:3:      kennysheep_the_goblin_king, layout_rooms,
          nicolae_yredelemnul_corpse_copse, serial_shops,
          nicolae_shop_behind_doors, uniq_grinder
D:4:      layout_loops_corners, gammafunk_temple_overflow_elements,
          serial_shops, shop
D:5:      layout_cave_pools, mainiacjoe_overflow_concentric_impassable,
          mainiacjoe_overflow_paths, minmay_temple_entry_gardened_gates
D:6:      layout_loops_cross, overflow_temple_1_default,
          mainiacjoe_overflow_surrounded_room, kennysheep_generic_room_15
D:7:      layout_loops_ring
D:8:      layout_rooms, zin_treasury, lair_entry_dummy,
          ebering_ghost_disaster_area, minmay_misc_feat_cross,
          hangedman_decor_opposing

Skill      XL: |  1  2  3  4  5  6  7  8 |
---------------+-------------------------+-----
Fighting       | 1 2 3 |  3.5
Unarmed Combat | 3 4 5 6 |  6.1
Transmutations | 2 3 4 |  4.4
Dodging        | 2 3 4 |  4.2
Armour         | 1 2 |  2.0
Spellcasting   | 2 3 |  3.5

Action                   |  1- 3 |  4- 6 |  7- 9 || total
-------------------------+-------+-------+-------++-------
Melee: Unarmed           |   109 |   159 |   179 ||   447
       Kick              |    26 |     1 |       ||    27
       Headbutt          |    14 |     3 |       ||    17
       Punch             |     2 |     4 |     9 ||    15
 Cast: Beastly Appendage |    20 |     3 |       ||    23
       Wereblood         |       |     7 |    15 ||    22
Evoke: Wand              |       |     1 |     4 ||     5
  Use: Potion            |       |     1 |    10 ||    11
       Scroll            |       |     2 |       ||     2
 Stab: Sleeping          |     1 |       |       ||     1
Armor: Robe              |    17 |       |       ||    17
       Ring mail         |    19 |    72 |    63 ||   154
       Skin              |       |     5 |     6 ||    11
Dodge: Dodged            |    69 |    70 |    91 ||   230
